cohdb
Replays
Latest Replays
All Replays
Popular Replays
Top Player Replays
Match Explorer
How It Works
Community
CoH3 Stats
Reddit
Sign in to upload your games and track your stats! →
Sign in with Steam
Match 41617501
Unlisted
Match 41617501
Overview
Messages
Build Orders
End
Kradschützen Motorcycle Team
Panzergrenadier Squad
Selects Panzerjäger Kommand Battlegroup
Selects Mine Fields
Panzergrenadier Squad
Panzergrenadier Squad
Construct Light Support Kompanie
Construct Mechanized Kompanie
254 Reconnaissance Tractor
Assault Mechanized Group
8 Rad Armored Car
Selects Defensive Positions
Selects Butterfly Bomb Drop
2.5-tonne Medical Truck
Veteran Squad Leaders
Butterfly Bomb Drop
Selects Tank Busters
Construct Panzerarmee Kommand
Selects Crew Shock Tactics
Panzer III L Medium Tank
Vehicle Survival Package
Butterfly Bomb Drop
Armored Reserves
MG34 Team
Tiger Heavy Tank
MadMax
hotdogcrusader
0
0
Comments
sign in to comment!
No comments posted yet!